 Dungeon Crawl Stone Soup version 0.14.1-26-g5a19342 (webtiles) character file.

169 Kae the Firebug (level 4, -3/24 HPs)
             Began as a Tengu Fire Elementalist on July 24, 2014.
             Killed from afar by Crazy Yiuf (11 damage)
             ... with a wand of magic darts
             ... on Level 2 of the Dungeon.
             The game lasted 00:02:19 (2328 turns).

Kae the Firebug (Tengu Fire Elementalist)           Turns: 2328, Time: 00:02:19

HP  -3/24        AC  2     Str  8      XL: 4   Next: 26%
MP   1/9         EV 12     Int 16      God:
Gold 97          SH  0     Dex 15      Spells:  3 memorised,  2 levels left

rFire  . . .     SeeInvis .     h - +2,+0 spear (freeze)
rCold  . . .     Clarity  .     a - +0 robe
rNeg   . . .     Conserve .     (no shield)
rPois  .         rCorr    .     (helmet restricted)
rElec  .         rRot     .     (no cloak)
SustAb . .       Spirit   .     (no gloves)
rMut   .         Warding  .     (boots unavailable)
Saprov . . .     Stasis   .     (no amulet)
MR     .....                    (no ring)
                                (no ring)

@: not resistant to hostile enchantments, fairly stealthy
A: beak, talons 3
a: no special abilities


You were on level 2 of the Dungeon.
You were very hungry.

You visited 1 branch of the dungeon, and saw 2 of its levels.

You collected 97 gold pieces.

Inventory:

Hand weapons
 e - a +0,+0 hand axe
 h - a +2,+0 spear of freezing (weapon)
Armour
 a - a +0 robe (worn)
Comestibles
 c - 3 bread rations
 d - a choko
 j - an orange
 m - an apple
Scrolls
 g - 2 scrolls of immolation {unknown}
 i - a scroll of blinking {unknown}
Potions
 f - 2 potions of brilliance {unknown}
 k - 3 potions of curing {unknown}
 o - a potion of resistance {unknown}
Books
 b - a book of Flames

   Spells                             Type                      Level
   *Flame Tongue                      Conjuration/Fire             1
   *Throw Flame                       Conjuration/Fire             2
   *Conjure Flame                     Conjuration/Fire             3
   Inner Flame                        Hexes/Fire                   3
   Sticky Flame                       Conjuration/Fire             4
   Fireball                           Conjuration/Fire             5


   Skills:
 - Level 2.1 Dodging
 - Level 2.0 Stealth
 + Level 2.7 Spellcasting
 * Level 3.3 Conjurations
 * Level 4.1 Fire Magic


You had 2 spell levels left.
You knew the following spells:

 Your Spells              Type           Power        Failure   Level  Hunger
a - Flame Tongue          Conj/Fire      ##...        6%          1    #......
b - Throw Flame           Conj/Fire      ##....       10%         2    ##.....
c - Conjure Flame         Conj/Fire      ##......     14%         3    ###....


Dungeon Overview and Level Annotations

Branches:
Dungeon (2/15)

Altars:
Elyvilon

Annotations:
D:2 Crazy Yiuf


Innate Abilities, Weirdness & Mutations

You have a beak for a mouth.
You have claws for feet.


Message History

Aim: Crazy Yiuf, wielding a quarterstaff of chaos, wearing a cloak and carrying a wand of magic darts {zapped: 2} (moderately wounded)
The flame tongue misses Crazy Yiuf.
Casting: Flame Tongue
Confirm with . or Enter, or press ? or * to list all spells.
Aiming: Flame Tongue
Press: ? - help, Shift-Dir - straight line, f/p - Crazy Yiuf
Aim: Crazy Yiuf, wielding a quarterstaff of chaos, wearing a cloak and carrying a wand of magic darts {zapped: 2} (moderately wounded)
The flame tongue hits Crazy Yiuf.
Crazy Yiuf is heavily wounded.
Crazy Yiuf zaps a wand.
The magic dart hits you!
Casting: Flame Tongue
Confirm with . or Enter, or press ? or * to list all spells.
Aiming: Flame Tongue
Press: ? - help, Shift-Dir - straight line, f/p - Crazy Yiuf
Aim: Crazy Yiuf, wielding a quarterstaff of chaos, wearing a cloak and carrying a wand of magic darts {zapped: 3} (heavily wounded)
The flame tongue hits Crazy Yiuf.
Crazy Yiuf is heavily wounded.
Crazy Yiuf screams, "Flower wrapper bag!"
Crazy Yiuf zaps a wand.
The magic dart hits you!
You die...

#.......####......>....##........
#.......'..#...........#.........
#.......##.............%.........
#..)....####...........##........
#.......# #...........##........
#.......# #...........##........
#.......# #...........#########'
######### ###.######### #. #..@.#
#. ♣♣♣# ####§# #. ## ♣♣♣♣#### #g#
##. )..#♣♣♣♣♣♣....###'### #..
.....♣♣♣♣...g.......# #.#
#♣..♣.♣..........# #.#
#♣♣♣.♣....#......# #.#
♣♣♣♣♣♣♣♣###......###########..
♣♣♣♣♣♣# #......'............


You could see Crazy Yiuf.

Vanquished Creatures
  2 adders (D:2)
  A worm (D:2)
  2 giant geckos (D:2)
  An ooze (D:2)
  A ball python (D:2)
  A giant cockroach (D:1)
  A goblin (D:1)
  6 hobgoblins
  7 jackals
  6 kobolds
  2 quokkas (D:2)
  3 bats
  4 giant newts
  6 rats
43 creatures vanquished.

Notes
Turn   | Place    | Note
--------------------------------------------------------------
     0 | D:1      | Kae, the Tengu Fire Elementalist, began the quest for the Orb.
     0 | D:1      | Reached XP level 1. HP: 10/10 MP: 3/3
   265 | D:1      | Reached XP level 2. HP: 10/15 MP: 5/5
   990 | D:2      | Found a white marble altar of Elyvilon.
  1005 | D:2      | Reached XP level 3. HP: 8/19 MP: 1/7
  1514 | D:2      | Reached skill level 4 in Fire Magic
  1715 | D:2      | Reached XP level 4. HP: 5/24 MP: 2/9
  2169 | D:2      | Noticed Crazy Yiuf
  2286 | D:2      | Learned a level 2 spell: Throw Flame
  2290 | D:2      | Learned a level 3 spell: Conjure Flame
  2328 | D:2      | Killed from afar by Crazy Yiuf

Action                   |  1- 3 |  4- 6 || total
-------------------------+-------+-------++-------
Melee: Hand axe          |    10 |       ||    10
       Spear             |    57 |     8 ||    65
       Unarmed           |     1 |       ||     1
 Cast: Flame Tongue      |    40 |    15 ||    55
       Conjure Flame     |       |     1 ||     1
 Stab: Sleeping          |     2 |     1 ||     3
